 Dungeon Crawl Stone Soup version 0.23.2-1-ga50397a6bc (webtiles) character file.

Game seed: 14539282634422807600

136 Gargoyl the Skirmisher (level 4, -3/39 HPs)
             Began as a Centaur Abyssal Knight on Apr 27, 2019.
             Was a Believer of Lugonu.
             Slain by a river rat (4 damage)
             ... in a sewer.
             The game lasted 00:06:15 (2917 turns).

Gargoyl the Skirmisher (Centaur Abyssal Knight)     Turns: 2917, Time: 00:06:15

Health: -3/39      AC: 10    Str: 14    XL:     4   Next: 98%
Magic:  6/6        EV:  2    Int: 14    God:    Lugonu [**....]
Gold:   146        SH:  0    Dex: 10    Spells: 3/3 levels left

rFire    . . .     SeeInvis .   a - +1 hand axe
rCold    . . .     Gourm    .   (no shield)
rNeg     . . .     Faith    .   e - +0 plate armour
rPois    .         Spirit   .   (no helmet)
rElec    .         Reflect  .   f - +0 cloak
rCorr    .         Harm     .   (no gloves)
MR       .....                  (no barding)
Stlth    ..........             (no amulet)
HPRegen  0.13/turn              g - +3 ring of intelligence
MPRegen  0.10/turn              (no ring)

@: lethally poisoned (-3 -> -5), very quick
A: large, hooves 3, deformed body, speed 2, tough skin 3
a: Depart the Abyss, Bend Space, Renounce Religion


You were in a sewer.
You worshipped Lugonu.
Lugonu was pleased with you.
You were near starving.

You visited 1 branch of the dungeon, and saw 3 of its levels.
You visited the Abyss 1 time.
You also visited: Sewer.

You collected 146 gold pieces.

Inventory:

Hand Weapons
 a - a +1 hand axe (weapon)
Armour
 e - a +0 plate armour (worn)
 f - a +0 cloak (worn)
Jewellery
 g - a +3 ring of intelligence (left hand)
Wands
 d - a wand of paralysis (4)
Scrolls
 b - 3 scrolls of identify
 j - a scroll of fog
Potions
 h - a potion of curing
 i - a potion of invisibility
 k - a potion of flight {unknown}
Comestibles
 c - 10 rations


   Skills:
 + Level 3.6 Fighting
 + Level 2.4 Axes
 * Level 2.5 Armour
 * Level 1.5 Dodging
 * Level 2.7 Invocations


You had 3 spell levels left.
You didn't know any spells.
Your spell library contained the following spells:

 Spells                   Type           Power        Failure   Level  Hunger
 Animate Skeleton         Necr           N/A          100%        1    ##.....
 Apportation              Tloc           #.....       100%        1    ##.....
 Confusing Touch          Hex            #.....       100%        1    ##.....
 Summon Small Mammal      Summ           #...         100%        1    ##.....


Dungeon Overview and Level Annotations

Branches:
Dungeon (3/15)

Altars:


Innate Abilities, Weirdness & Mutations

You have hooves in place of feet.
Armour fits poorly on your strangely shaped body.
You cover ground very quickly.
You have extremely tough skin. (AC +3)


Message History

You feel sick.
You barely miss the river rat.
The river rat bites you but does no damage.
The river rat bites you.
You closely miss the river rat.
You feel sick.
The river rat bites you but does no damage.
You barely miss the river rat. The river rat bites you.
* * * LOW HITPOINT WARNING * * *
You slash the river rat! Your kick misses the river rat.
The river rat is severely wounded.
You feel sick. The river rat bites you.
* * * LOW HITPOINT WARNING * * *
You closely miss the river rat. Your kick misses the river rat.
The river rat is severely wounded.
The river rat bites you but does no damage.
You hit the river rat but do no damage. Your kick misses the river rat.
The river rat is severely wounded.
* * * LOW HITPOINT WARNING * * *
You feel sick. The river rat completely misses you. The river rat bites you.
You die...

##### ##.≈≈## .
#.....#####.≈..
#...≈@r≈≈≈≈.≈..
#≈≈≈.≈#####....
##≈..## ≈ ##≈##
#≈# #≈# #### ##≈##
##...# ##...##
#≈..≈≈####.∩...###


You could see a river rat.

Vanquished Creatures
  An orc priest (D:3)
  2 adders (Sewer)
  4 worms
  5 dart slugs
  2 leopard geckos
  5 orcs (D:3)
  3 ball pythons
  6 giant cockroaches
  5 goblins
  3 hobgoblins
  5 bats
  4 frilled lizards
  11 kobolds
  9 rats
65 creatures vanquished.

Notes
Turn   | Place    | Note
-------+----------+-------------------------------------------
     0 | Abyss:1  | Gargoyl the Centaur Abyssal Knight began the quest for the
                  | Orb.
     0 | Abyss:1  | Reached XP level 1. HP: 19/19 MP: 2/2
    53 | Abyss:2  | Noticed a ynoxinul
   147 | Abyss:2  | Noticed a wretched star
   148 | D:1      | Escaped the Abyss
   157 | D:1      | Reached * piety under Lugonu
   470 | D:1      | Reached XP level 2. HP: 25/26 MP: 3/3
   564 | D:1      | Reached skill level 1 in Dodging
   995 | D:2      | Reached ** piety under Lugonu
   995 | D:2      | Reached XP level 3. HP: 31/31 MP: 4/4
  1987 | D:3      | Reached XP level 4. HP: 19/38 MP: 5/5
  2759 | D:3      | Found a glowing drain.
  2770 | Sewer    | Entered a sewer
  2917 | Sewer    | HP: 1/39 [poisoned by an adder]
  2917 | Sewer    | Slain by a river rat

Skill      XL: |  1  2  3 |
---------------+----------+-----
Dodging        | 1 |  1.5
Axes           | 2 |  2.4
Armour         | 2 |  2.5
Fighting       | |  3.6
Invocations    | |  2.7

Action                   |  1- 3 |  4- 6 || total
-------------------------+-------+-------++-------
Melee: Hand axe          |   137 |    79 ||   216
       Kick              |    25 |    18 ||    43
Invok: Depart the Abyss  |     1 |       ||     1
  Use: Scroll            |     8 |     1 ||     9
  Eat: Chunk             |     1 |     2 ||     3
Armor: Chain mail        |    11 |       ||    11
       Plate armour      |   157 |    73 ||   230
Dodge: Dodged            |    18 |    11 ||    29
